 Dungeon Crawl Stone Soup version 0.28.0 (webtiles) character file.

Game seed: 10579825212164819989

33313 bande the Cleaver (level 13, 0/81 HPs)
             Began as a Gargoyle Fighter on Feb 15, 2022.
             Was the Champion of Okawaru.
             Slain by an elephant (5 damage)
             ... on level 6 of the Lair of Beasts.
             The game lasted 00:43:15 (21302 turns).

bande the Cleaver (Gargoyle Fighter)               Turns: 21302, Time: 00:43:15

Health: 0/81       AC: 39    Str: 34    XL:     13   Next: 70%
Magic:  0/20       EV: 11    Int:  9    God:    Okawaru [******]
Gold:   785        SH:  7    Dex: 15    Spells: 12/12 levels left

rFire   . . .      SeeInvis .   a - +0 war axe (flame)
rCold   + . .      Faith    .   c - +0 buckler
rNeg    + . .      Spirit   +   w - +0 plate armour
rPois   ∞          Reflect  .   E - +1 hat {Will+}
rElec   +          Harm     .   l - +1 cloak
rCorr   .          Rampage  .   B - +2 pair of gloves {hurl}
Will    ++...                   H - +2 pair of boots "Wugoaz" {rC+ Str+2}
Stlth   ..........              r - amulet "Xaymyoj" {Spirit rC- Will+ Str+3}
HPRegen 0.23/turn               e - +6 ring of strength
MPRegen 0.17/turn               b - ring of protection from cold

@: mighty, about to teleport, heroic, studying Armour
A: sickness immunity, AC +9, negative energy resistance 1, electricity
resistance, torment resistance 1, petrification resistance, thin skeletal
structure 1, shaggy fur 1, strong 1, subdued magic 1
a: Renounce Religion, Heroism, Finesse, Duel


You were on level 6 of the Lair of Beasts.
You worshipped Okawaru.
Okawaru was exalted by your worship.
You visited 3 branches of the dungeon, and saw 15 of its levels.

You collected 785 gold pieces.

Inventory:

Hand Weapons
 a - a +0 war axe of flaming (weapon)
 g - a +2 vorpal hand axe
 t - a +0 war axe
Missiles
 y - a throwing net (quivered)
Armour
 c - a +0 buckler (worn)
 k - a +0 helmet
 l - a +1 cloak (worn)
 w - a +0 plate armour (worn)
 B - a +2 pair of gloves of hurling (worn)
 E - a +1 hat of willpower (worn)
 G - the +2 chain mail "Nojewani" {Rampage Will+ Int-2}
   (Okawaru gifted it to you on level 2 of the Lair of Beasts)

   Int:       It affects your intelligence (-2).
   Rampage:   It bestows one free step when moving towards enemies.
   Will:      It increases your willpower.
 H - the +2 pair of boots "Wugoaz" (worn) {rC+ Str+2}
   (Okawaru gifted it to you on level 4 of the Lair of Beasts)

   Str:       It affects your strength (+2).
   rC:        It protects you from cold.
 K - a +0 tower shield
Jewellery
 b - a ring of protection from cold (right hand)
 e - a +6 ring of strength (left hand)
 q - a ring of ice
 r - the amulet "Xaymyoj" (around neck) {Spirit rC- Will+ Str+3}
   (You found it on level 7 of the Dungeon)

   [amulet of guardian spirit]

   It causes incoming damage to be divided between your reserves of health and
   magic.
   Str:       It affects your strength (+3).
   rC:        It makes you vulnerable to cold.
   Will:      It increases your willpower.
 A - a ring of fire
Wands
 o - a wand of polymorph (12)
 p - a wand of iceblast (13)
Scrolls
 f - a scroll of teleportation
 m - a scroll of magic mapping
 x - 3 scrolls of identify
 z - a scroll of holy word
 C - a scroll of blinking
 I - a scroll of fog {unknown}
Potions
 h - a potion of haste
 i - 5 potions of curing
 j - a potion of brilliance
 n - a potion of heal wounds
 s - a potion of invisibility
 u - 2 potions of mutation
 v - a potion of berserk rage
 D - a potion of flight
 J - a potion of resistance
Miscellaneous
 F - a lightning rod (4/4)


   Skills:
 + Level 9.7(14.7) Fighting
 + Level 13.0(18.0) Axes
 + Level 11.7(16.7) Armour
 + Level 7.8(12.8) Shields
 * Level 10.3 Invocations
 * Level 6.5 Evocations


You had 12 spell levels left.
You didn't know any spells.
Your spell library contained the following spells:

 Spells                   Type           Power      Damage    Failure   Level
 Slow                     Hex            0%         N/A       87%         1
 Blink                    Tloc           0%         N/A       95%         2
 Corpse Rot               Necr/Air       0%         N/A       95%         2
 Ensorcelled Hibernation  Hex/Ice        0%         N/A       95%         2
 Passwall                 Tmut/Erth      0%         N/A       95%         2
 Poisonous Vapours        Pois/Air       0%         N/A       95%         2
 Confusing Touch          Hex            0%         N/A       99%         3
 Ignite Poison            Fire/Tmut/Pois 0%         N/A       99%         3
 Lesser Beckoning         Tloc           0%         N/A       99%         3
 Mephitic Cloud           Conj/Pois/Air  0%         N/A       99%         3
 Portal Projectile        Hex/Tloc       0%         N/A       99%         3
 Stone Arrow              Conj/Erth      0%         3d7       99%         3
 Swiftness                Air            0%         N/A       99%         3
 Vampiric Draining        Necr           0%         2d6       99%         3
 Airstrike                Air            0%         N/A       100%        4
 Leda's Liquefaction      Hex/Erth       0%         N/A       100%        4
 Freezing Cloud           Conj/Ice/Air   0%         6-21      100%        5
 Lightning Bolt           Conj/Air       0%         1d11      100%        5
 Manifold Assault         Tloc           0%         N/A       100%        5
 Lehudib's Crystal Spear  Conj/Erth      0%         10d2      100%        8
 Call Canine Familiar     Summ           Unusable   N/A       N/A         3
 Animate Armour           Summ/Erth      Unusable   N/A       N/A         4
 Summon Lightning Spire   Summ/Air       Unusable   N/A       N/A         4

Dungeon Overview and Level Annotations

Branches:
Dungeon (8/15)             Temple (1/1) D:4            Lair (6/6) D:8
 Shoals (0/4) Lair:2       Spider (0/4) Lair:3
  Slime: Lair:5-6

Altars:
Ashenzari
Cheibriados
Dithmenos
Elyvilon
Fedhas
Gozag
Hepliaklqana
Kikubaaqudgha
Makhleb
Nemelex Xobeh
Okawaru
Qazlal
Ru
Sif Muna
Trog
Uskayaw
Vehumet
Wu Jian
Xom
Yredelemnul
Zin
The Shining One

Shops:
D:1 (   D:5 :

Annotations:
D:7 2 transporters, RighteousDevil's ghost, novice TrMo
Lair:6 Sonja


Innate Abilities, Weirdness & Mutations

You are immune to sickness and miasma.
Your stone body is resilient. (AC +9)
You are immune to poison.
You resist negative energy. (rN+)
You are resistant to electric shocks. (rElec)
You are resistant to unholy torment.
You are immune to petrification.
You have a somewhat thin skeletal structure. (Dex +2, Stealth+)
You are covered in fur. (AC +1)
Your muscles are strong. (Str +2)
Your spells are a little easier to cast, but a little less powerful.


Message History

You block the elephant's attack. x2; The elephant closely misses you.
The elephant barely misses you.
Sonja gestures wildly while chanting.
Sonja blinks!
You slash the elephant! You burn the elephant.
You kill the elephant!
Okawaru accepts your kill.
You hit the elephant. You burn the elephant.
You kill the elephant!
Okawaru accepts your kill.
You slash the elephant! You burn the elephant.
You kill the elephant!
Okawaru accepts your kill.
You barely miss the cane toad.
The blink frog blinks! x2
You block the cane toad's attack.
Your base Axes skill increases to level 13!
As you read the scroll of teleportation, it crumbles to dust.
You feel strangely unstable.
The blink frog blinks!
The blink frog hits you.
* * * LOW HITPOINT WARNING * * *
The yak completely misses you. The cane toad stings you!
* * * LOW HITPOINT WARNING * * *
A yak comes into view.
The elephant tramples you but does no damage.
The elephant misses you.
The blink frog hits you but does no damage.
You closely miss the blink frog.
The yak bellows!
You slice the cane toad!! You burn the cane toad.
You kill the cane toad!
Okawaru accepts your kill.
You slash the yak! You burn the yak. You slice the elephant!!
You burn the elephant!
The blink frog blinks!
The yak gores you but does no damage.
The blink frog blinks!
You slice the blink frog!! You burn the blink frog.
The blink frog is severely wounded.
You slash the elephant! You burn the elephant. You slash the yak!
You burn the yak. You slash the elephant! You burn the elephant!
The elephant tramples you.
You hold your ground!
You block the elephant's attack. The elephant tramples you.
You die...

........##
...$..#..##
..Y...P..#
#.......#
#.......##
#..FY.§.#
###..F.KY.#
#.....YYY##
#.....FYF@#
#......YY##
.........#
..P......#
##...§..##
##....?#
......
......


You could see 5 elephants, 4 yaks, 4 blink frogs and Sonja.

Vanquished Creatures
  Gastronok (Lair:1)
  2 hydras (Lair:4)
  5 death yaks (Lair:1)
  A two-headed ogre (D:8)
  A lindwurm (Lair:5)
  18 elephants
  2 black mambas
  10 cane toads
  A rime drake (Lair:3)
  7 komodo dragons
  A polar bear (Lair:4)
  Grinder (D:4)
  17 blink frogs
  A snapping turtle (Lair:2)
  A jumping spider (Lair:3)
  3 wyverns
  28 yaks
  A steam dragon (D:8)
  3 basilisks
  2 hell hounds (Lair:5)
  11 water moccasins
  A black bear (Lair:4)
  4 orc warriors
  3 ice beasts
  A sky beast (D:6)
  A necrophage (D:5)
  18 wolves
  3 ogres
  2 centaurs
  A phantom (D:5)
  A kobold brigand (D:6)
  10 bullfrogs
  A wyvern zombie (D:7)
  A gnoll sergeant (D:8)
  4 scorpions
  7 wights (D:8)
  An electric eel (Lair:2)
  2 centaur zombies
  2 bullfrog zombies (D:6)
  3 jellies
  3 bullfrog skeletons
  2 hounds
  4 orc priests
  Crazy Yiuf (D:6)
  Natasha (twice) (D:4)
  3 iguanas (D:4)
  8 orc wizards
  A scorpion zombie (D:5)
  3 hound skeletons
  2 howler monkey zombies
  3 gnolls (D:8)
  A howler monkey skeleton (D:5)
  9 adders
  2 worms (D:3)
  4 dart slugs
  32 orcs
  12 endoplasms
  A giant cockroach (D:3)
  7 goblins
  8 hobgoblins
  5 jackals
  7 kobolds
  4 quokkas
  5 ball pythons
  11 bats
  9 frilled lizards
  3 rats
335 creatures vanquished.

Vanquished Creatures (others)
  36 fungi
  41 plants
77 creatures vanquished.

Grand Total: 412 creatures vanquished

Notes
Turn   | Place    | Note
-------+----------+-------------------------------------------
     0 | D:1      | bande the Gargoyle Fighter began the quest for the Orb.
     0 | D:1      | Reached XP level 1. HP: 14/14 MP: 1/1
   162 | D:1      | Reached XP level 2. HP: 17/19 MP: 2/2
   485 | D:1      | Reached skill level 2 in Axes
   933 | D:1      | Found Dasaepil's Antique Weapon Shop.
  1452 | D:2      | Reached XP level 3. HP: 24/24 MP: 3/3
  1895 | D:2      | Reached XP level 4. HP: 22/29 MP: 4/4
  2709 | D:3      | Reached skill level 3 in Axes
  3114 | D:3      | Reached XP level 5. HP: 32/33 MP: 5/5
  3209 | D:3      | Found an iron altar of Okawaru.
  3235 | D:3      | Became a worshipper of Warmaster Okawaru
  3495 | D:3      | Noticed a water moccasin
  3507 | D:3      | Killed a water moccasin
  3507 | D:3      | Reached * piety under Okawaru
  3508 | D:3      | Reached skill level 4 in Axes
  3508 | D:3      | Reached skill level 1 in Invocations
  3508 | D:3      | Reached XP level 6. HP: 22/38 MP: 5/7
  4080 | D:4      | Reached XP level 7. HP: 32/44 MP: 8/8
  4389 | D:4      | Noticed Grinder
  4409 | D:4      | Killed Grinder
  4410 | D:4      | Reached skill level 5 in Axes
  4410 | D:4      | Reached skill level 5 in Armour
  4620 | D:4      | Found a staircase to the Ecumenical Temple.
  4648 | Temple   | Entered the Ecumenical Temple
  5442 | D:4      | Noticed Natasha
  5454 | D:4      | Killed Natasha
  5701 | D:4      | Noticed Natasha
  5707 | D:4      | Killed Natasha
  5874 | D:5      | Entered Level 5 of the Dungeon
  5888 | D:5      | Reached XP level 8. HP: 44/48 MP: 10/10
  5888 | D:5      | Reached ** piety under Okawaru
  5980 | D:5      | Found Lajeud's Book Shop.
  6011 | D:5      | Reached skill level 6 in Axes
  6373 | D:5      | Reached skill level 5 in Fighting
  6502 | D:5      | Found a hide-covered altar of Uskayaw.
  6574 | D:5      | Reached *** piety under Okawaru
  6849 | D:6      | Noticed a wyvern
  6859 | D:6      | Killed a wyvern
  6860 | D:6      | Reached skill level 7 in Axes
  6860 | D:6      | Reached skill level 5 in Shields
  6860 | D:6      | Reached XP level 9. HP: 27/54 MP: 12/12
  7109 | D:6      | Gained mutation: You have hidden genetic potential. [potion
                  | of mutation]
  7109 | D:6      | Gained mutation: Your spells are a little easier to cast,
                  | but a little less powerful. [potion of mutation]
  7109 | D:6      | Gained mutation: Your muscles are strong. (Str +2) [potion
                  | of mutation]
  7373 | D:6      | Reached skill level 5 in Invocations
  7734 | D:6      | Found a runed translucent door.
  7734 | D:6      | Noticed Crazy Yiuf
  7817 | D:6      | Killed Crazy Yiuf
  8873 | D:7      | Identified the amulet "Xaymyoj" {Spirit rC- Will+ Str+3}
  8881 | D:7      | Found a transporter.
  8946 | D:7      | Noticed RighteousDevil's ghost (novice TrMo)
  8951 | D:7      | Noticed a manticore
  8982 | D:7      | Reached skill level 8 in Axes
  9094 | D:7      | Reached **** piety under Okawaru
  9467 | D:7      | Found a transporter.
 10064 | D:8      | Reached XP level 10. HP: 51/60 MP: 14/14
 10484 | D:8      | Gained mutation: You have a somewhat thin skeletal
                  | structure. (Dex +2, Stealth+) [hidden potential]
 10505 | D:8      | Found a staircase to the Lair.
 10672 | D:8      | Noticed a two-headed ogre
 10677 | D:8      | Killed a two-headed ogre
 10678 | D:8      | Reached skill level 9 in Axes
 11217 | Lair:1   | Entered Level 1 of the Lair of Beasts
 11238 | Lair:1   | Reached ***** piety under Okawaru
 11625 | D:8      | Reached skill level 1 in Evocations
 12067 | Lair:1   | Received a gift from Okawaru
 12069 | Lair:1   | Reached XP level 11. HP: 27/67 MP: 7/16
 12075 | Lair:1   | Reached skill level 10 in Axes
 12082 | Lair:1   | Gained mutation: You are covered in fur. (AC +1) [hidden
                  | potential]
 12082 | Lair:1   | Lost mutation: You have hidden genetic potential. [hidden
                  | potential expressed]
 12539 | Lair:1   | Noticed Gastronok
 12551 | Lair:1   | Killed Gastronok
 12835 | Lair:2   | Noticed a death yak
 12835 | Lair:2   | Noticed a death yak
 12835 | Lair:2   | Noticed a death yak
 12835 | Lair:2   | Noticed a death yak
 12835 | Lair:2   | Noticed a death yak
 12835 | Lair:2   | Noticed a death yak
 12855 | Lair:1   | Killed a death yak
 14385 | Lair:2   | Identified the +2 chain mail "Nojewani" {Rampage Will+
                  | Int-2} (Okawaru gifted it to you on level 2 of the Lair of
                  | Beasts)
 14385 | Lair:2   | Received a gift from Okawaru
 14417 | Lair:2   | Found a staircase to the Shoals.
 14646 | Lair:2   | Reached skill level 11 in Axes
 15133 | Lair:1   | Killed a death yak
 15134 | Lair:1   | Reached XP level 12. HP: 47/73 MP: 11/18
 15463 | Lair:1   | Killed a death yak
 15639 | Lair:1   | Killed a death yak
 15640 | Lair:1   | Killed a death yak
 16535 | Lair:3   | Found a white marble altar of Elyvilon.
 16845 | Lair:3   | Found a hole to the Spider Nest.
 16860 | Lair:3   | Reached skill level 10 in Armour
 17607 | Lair:4   | Reached skill level 5 in Evocations
 17944 | Lair:4   | Noticed a five-headed hydra
 17954 | Lair:4   | Killed a two-headed hydra
 17954 | Lair:4   | Identified the +2 pair of boots "Wugoaz" {rC+ Str+2}
                  | (Okawaru gifted it to you on level 4 of the Lair of Beasts)
 17954 | Lair:4   | Received a gift from Okawaru
 17954 | Lair:4   | Reached ****** piety under Okawaru
 18399 | Lair:3   | Reached skill level 12 in Axes
 18900 | Lair:4   | Reached XP level 13. HP: 32/80 MP: 8/20
 19148 | Lair:4   | Identified a scroll of acquirement
 19148 | Lair:4   | Acquired a manual of Armour
 20282 | Lair:4   | Reached skill level 10 in Invocations
 20952 | Lair:5   | Found a shadowy altar of Dithmenos.
 21262 | Lair:6   | Entered Level 6 of the Lair of Beasts
 21262 | Lair:6   | Noticed Sonja
 21293 | Lair:6   | Received a gift from Okawaru
 21300 | Lair:6   | Reached skill level 13 in Axes
 21302 | Lair:6   | Slain by an elephant

Illustrated notes

Levels and vault maps discovered:
D:1:      erik_arrival_cave_to_civilisation [erik_arrival_cave_to_hall],
          layout_loops_ring, serial_shops, nicolae_shop_waterfront,
          corexii_hall_statues_x, minmay_cut_off
D:2:      layout_basic, minivault_14, grunt_decor_fettered, grunt_ministairs_12,
          st_stairs_10
D:3:      layout_basic, mainiacjoe_overflow_brackets, minmay_surrounded
D:4:      layout_cave_pods, minmay_temple_entry_glass, uniq_grinder,
          uniq_natasha
D:5:      layout_rooms, eat_drink_and_be_merry_uskayaw, serial_shops,
          shop_fountains, guppyfry_early_orc_mine
D:6:      layout_cave_pods, roderic_batcave, uniq_crazy_yiuf_cottage
D:7:      layout_rooms, gammafunk_ghost_arena, serial_corexii_hall,
          corexii_hall_statues_l, corexii_hall_statues_u,
          chequers_hall_statues_wall_a
D:8:      layout_basic, lair_entry_dummy
Temple:   mainiacjoe_temple_big_plus
Lair:1:   layout_chaotic_city, chequers_serial_rivers_micro_a,
          cheibrodos_lair_caveside_slide, uniq_gastronok
Lair:2:   layout_regular_city, minmay_shoals_entry_hut, gauntlet_entry_generic,
          grunt_megastairs_1
Lair:3:   layout_roguey, spider_nest_entry_a, basic_altar
Lair:4:   layout_regular_city, grunt_forest_small_clearings,
          eino_small_chamber_without_monster, st_stairs_7
Lair:5:   layout_cave_shapes, basic_altar, enter_volcano_3
Lair:6:   cheibrodos_lair_end_hotspot, layout_misc_corridors,
          minmay_slime_entry_oklob_enclosed, uniq_snorg, uniq_sonja, uniq_rupert

Skill      XL: |  1  2  3  4  5  6  7  8  9 10 11 12 13 |
---------------+----------------------------------------+-----
Axes           | 2 3 4 5 7 8 9 11 12 13 | 13.0
Armour         | 4 5 6 7 8 9 10 11 | 11.7
Fighting       | 4 5 6 7 8 9 |  9.7
Invocations    | 1 2 3 4 6 7 8 9 10 | 10.3
Shields        | 4 5 6 7 |  7.8
Evocations     | 2 4 5 6 |  6.5

Action                   |  1- 3 |  4- 6 |  7- 9 | 10-12 | 13-15 || total
-------------------------+-------+-------+-------+-------+-------++-------
Melee: War axe           |   124 |   165 |   206 |   563 |   187 ||  1245
       Hand axe          |       |    13 |    83 |       |       ||    96
Invok: Heroism           |       |       |       |     1 |     1 ||     2
  Use: Scroll            |     5 |     5 |     6 |     6 |     6 ||    28
       Potion            |       |     1 |     1 |     1 |     2 ||     5
Armor: Scale mail        |    93 |   115 |    81 |       |       ||   289
       Chain mail        |       |       |   103 |       |       ||   103
       Plate armour      |       |       |    39 |   424 |   257 ||   720
Dodge: Dodged            |    58 |    91 |   122 |   199 |   119 ||   589
Block: Buckler           |    32 |    51 |    70 |   164 |   103 ||   420
